 Dungeon Crawl Stone Soup version 0.21.1-1-g345015f (webtiles) character file.

259 Hebeh the Chopper (level 5, -14/46 HPs)
             Began as a Deep Dwarf Fighter on June 18, 2018.
             Killed from afar by theblackcape's ghost (15 damage)
             ... with a stone arrow
             ... on level 4 of the Dungeon.
             The game lasted 00:13:30 (2086 turns).

Hebeh the Chopper (Deep Dwarf Fighter)              Turns: 2086, Time: 00:13:30

Health: -14/46     AC:  6    Str: 21    XL:     5   Next: 94%
Magic:  0/0        EV:  7    Int:  8    God:
Gold:   171        SH:  9    Dex: 12    Spells: 4/4 levels left

rFire    + . .     SeeInvis +   j - +2 mace (protect)
rCold    . . .     Gourm    .   c - +0 shield
rNeg     . . .     Faith    .   b - +0 scale mail
rPois    .         Spirit   .   (no helmet)
rElec    .         Reflect  .   (no cloak)
rCorr    .         Harm     .   (no gloves)
MR       .....                  (no boots)
Stlth    ..........             (no amulet)
HPRegen  0.00/turn              r - ring of see invisible
MPRegen  0.07/turn              n - ring of protection from fire

@: lethally poisoned (-14 -> -14), non-regenerating
A: damage resistance, heal wounds, sense surroundings 1, no regeneration
a: Heal Wounds


You were on level 4 of the Dungeon.
You were not hungry.

You visited 1 branch of the dungeon, and saw 4 of its levels.

You collected 171 gold pieces.

Inventory:

Hand Weapons
 a - a +0 war axe
 j - a +2 mace of protection (weapon)
Armour
 b - a +0 scale mail (worn)
 c - a +0 shield (worn)
Jewellery
 g - an uncursed ring of resist corrosion {unknown}
 i - an uncursed ring of ice
 n - a ring of protection from fire (right hand)
 r - a ring of see invisible (left hand)
 s - an uncursed ring of wizardry
Scrolls
 o - a scroll of remove curse
 p - a scroll of amnesia
 q - a scroll of fear
 t - a scroll of identify
Potions
 d - 2 potions of might
 e - a potion of magic {unknown}
 h - a potion of curing {unknown}
Comestibles
 f - 6 rations
 k - a chunk of flesh


   Skills:
 - Level 2.7 Fighting
 + Level 6.7 Axes
 + Level 1.0(3.9) Maces & Flails
 - Level 3.3 Armour
 - Level 3.3 Shields


You had 4 spell levels left.
You didn't know any spells.

Dungeon Overview and Level Annotations

Branches:
Dungeon (4/15)
 Temple: D:4-7

Altars:

Annotations:
D:4 theblackcape's ghost, amateur GnWn


Innate Abilities, Weirdness & Mutations

You are resistant to damage.
You can heal yourself by infusing magical energy.
You passively map a small area around you.
You do not regenerate.


Message History

Theblackcape's ghost hits you.
You hit theblackcape's ghost but do no damage.
Theblackcape's ghost is almost destroyed.
Theblackcape's ghost hits you but does no damage.
You completely miss theblackcape's ghost.
Theblackcape's ghost is almost destroyed.
Theblackcape's ghost casts a spell at you.
You block the stone arrow.
Theblackcape's ghost casts a spell at you.
You block the stone arrow.
Your shield prevents you from hitting theblackcape's ghost.
Theblackcape's ghost is almost destroyed.
Theblackcape's ghost casts a spell at you.
The stone arrow hits you!
* * * LOW HITPOINT WARNING * * *
Your scale mail prevents you from hitting theblackcape's ghost.
Theblackcape's ghost is almost destroyed.
Theblackcape's ghost points at you and mumbles some strange words.
The stone arrow hits you!
You die...

* ,, ##...........
#............
#............ ,
#.......?...>
#............
############............
*
#..........##...........
* * #..........#
#.†@W...... *
#<.........#
##...#.####* *
#..........####.### ,
#................##...
..#.....##.##.)........
*
..............#.#..<...,
............###...#....
......(....#...).#.....
,
................##.##..
,


You could see theblackcape's ghost.

Vanquished Creatures
  A bullfrog (D:2)
  Natasha (thrice) (D:2)
  A worker ant (D:4)
  The ghost of dscm the Skirmisher, a weakling DsFi (D:3)
  An adder (D:3)
  2 worms
  A dart slug (D:3)
  3 orcs
  2 giant cockroaches
  4 goblins
  8 hobgoblins
  4 jackals
  8 kobolds
  2 quokkas (D:2)
  A ball python (D:2)
  5 bats
  A frilled lizard (D:3)
  A leopard gecko skeleton (D:4)
  2 rats (D:1)
51 creatures vanquished.

Vanquished Creatures (others)
  A scorpion (D:4)
1 creature vanquished.

Grand Total: 52 creatures vanquished

Notes
Turn   | Place    | Note
-------+----------+-------------------------------------------
     0 | D:1      | Hebeh the Deep Dwarf Fighter began the quest for the Orb.
     0 | D:1      | Reached XP level 1. HP: 20/20 MP: 1/1
   178 | D:1      | Reached XP level 2. HP: 22/27 MP: 2/2
   179 | D:1      | Reached skill level 3 in Axes
   829 | D:2      | Found a faded altar of an unknown god.
   932 | D:2      | Noticed a bullfrog
   939 | D:2      | Killed a bullfrog
   939 | D:2      | Reached skill level 5 in Axes
   939 | D:2      | Reached XP level 3. HP: 18/33 MP: 3/3
   939 | D:2      | Reached XP level 4. HP: 22/40 MP: 4/4
  1033 | D:2      | Noticed Natasha
  1047 | D:2      | Killed Natasha
  1096 | D:2      | Noticed Natasha
  1106 | D:2      | Killed Natasha
  1106 | D:2      | Reached XP level 5. HP: 20/46 MP: 4/4
  1199 | D:2      | Noticed Natasha
  1210 | D:2      | Killed Natasha
  1210 | D:2      | Reached skill level 6 in Axes
  1619 | D:3      | Noticed dscm's ghost (weakling DsFi)
  1630 | D:3      | HP: 2/46 [dscm's ghost (1)]
  1635 | D:3      | Killed dscm's ghost
  2049 | D:4      | Noticed theblackcape's ghost (amateur GnWn)
  2076 | D:4      | Reached skill level 1 in Maces & Flails
  2085 | D:4      | HP: 1/46 [theblackcape's ghost/stone arrow (13)]
  2086 | D:4      | Killed from afar by theblackcape's ghost

Skill      XL: |  1  2  3  4  5 |
---------------+----------------+-----
Axes           | 5 6 |  6.7
Maces & Flails | 1 |  1.0
Fighting       | |  2.7
Armour         | |  3.3
Shields        | |  3.3

Action                   |  1- 3 |  4- 6 || total
-------------------------+-------+-------++-------
Melee: War axe           |    55 |   130 ||   185
       Mace              |       |    30 ||    30
 Abil: Heal Wounds       |       |     8 ||     8
  Use: Scroll            |       |     9 ||     9
  Eat: Chunk             |       |     4 ||     4
Armor: Scale mail        |    17 |    68 ||    85
Dodge: Dodged            |    16 |    66 ||    82
Block: Shield            |    30 |    91 ||   121
